 Dungeon Crawl Stone Soup version 0.28.0-53-g5a82cb258f (webtiles) character file.

Game seed: 4850128645851175714

181 Peloso the Covered (level 5, -2/47 HPs)
             Began as a Minotaur Fighter on June 30, 2022.
             Killed from afar by an orc wizard (5 damage)
             ... with a magic dart
             ... on level 3 of the Dungeon.
             The game lasted 00:03:25 (3036 turns).

Peloso the Covered (Minotaur Fighter)               Turns: 3036, Time: 00:03:25

Health: -2/47      AC:  7    Str: 20    XL:     5   Next: 34%
Magic:  4/4        EV:  9    Int:  5    God:
Gold:   80         SH:  0    Dex: 12    Spells: 4/4 levels left

rFire   . . .      SeeInvis .   a - +0 long sword
rCold   . . .      Faith    .   c - +0 buckler
rNeg    . . .      Spirit   .   b - +0 scale mail
rPois   .          Reflect  .   (helmet restricted)
rElec   .          Harm     .   (no cloak)
rCorr   .          Rampage  .   (no gloves)
Will    .....                   (no boots)
Stlth   ..........              (no amulet)
HPRegen 0.15/turn               (no ring)
MPRegen 0.09/turn               (no ring)

@: confused
A: horns 2, retaliatory headbutt
a: no special abilities


You were on level 3 of the Dungeon.
You visited 1 branch of the dungeon, and saw 3 of its levels.

You collected 80 gold pieces.

Inventory:

Hand Weapons
 a - a +0 long sword (weapon)
Armour
 b - a +0 scale mail (worn)
 c - a +0 buckler (worn)
Jewellery
 e - an amulet of regeneration
Scrolls
 j - a scroll of fog {unknown}
 k - 2 scrolls of identify {unknown}
 m - 3 scrolls of teleportation {unknown}
 n - a scroll of enchant weapon {unknown}
 p - a scroll of fear {unknown}
Potions
 d - a potion of might
 f - 2 potions of heal wounds {unknown}
 g - 2 potions of curing {unknown}
 h - a potion of lignification {unknown}
 i - a potion of invisibility {unknown}
 l - a potion of haste {unknown}
 o - 2 potions of brilliance {unknown}


   Skills:
 + Level 4.8 Fighting
 + Level 3.8 Long Blades
 + Level 5.2 Armour
 + Level 1.4 Dodging
 + Level 4.0 Shields


You had 4 spell levels left.
You didn't know any spells.
Your spell library was empty.

Dungeon Overview and Level Annotations

Branches:
Dungeon (3/15)

Altars:


Innate Abilities, Weirdness & Mutations

You have a pair of horns on your head.
You reflexively headbutt those who attack you in melee.


Message History

You barely miss the orc. You headbutt the orc.
You kill the orc!
The orc hits you with a +0 falchion.
You barely miss the orc. You headbutt the orc.
The orc is moderately wounded.
The orc wizard hits you with a +0 dagger of speed.
The orc barely misses you. The orc hits you with a +0 flail.
The orc wizard casts a spell at you.
You are confused.
You bump into the rock wall.
The orc hits you but does no damage. The orc hits you with a +0 flail.
The orc wizard hits you but does no damage.
Unknown command.
You closely miss the orc wizard.
The orc wizard hits you with a +0 dagger of speed.
The orc hits you with a +0 falchion. The orc hits you but does no damage.
The orc wizard gestures at you while chanting.
The puff of flame hits you!
Unknown command.
You hit the orc.
The orc is heavily wounded.
The orc closely misses you. The orc hits you with a +0 flail.
The orc wizard closely misses you.
You bump into the rock wall.
The orc hits you with a +0 falchion.
* * * LOW HITPOINT WARNING * * *
The orc hits you but does no damage.
The orc wizard hits you with a +0 dagger of speed.
* * * LOW HITPOINT WARNING * * *
Unknown command.
You barely miss the orc wizard. Your headbutt misses the orc wizard.
The orc wizard points at you and mumbles some strange words.
The magic dart hits you.
* * * LOW HITPOINT WARNING * * *
The orc hits you but does no damage. The orc barely misses you.
The orc wizard completely misses you. The orc hits you with a +0 falchion.
* * * LOW HITPOINT WARNING * * *
The orc closely misses you.
The orc wizard points at you and mumbles some strange words.
The magic dart hits you.
You die...

**,,,** ##...## #.###
**,** ##'## #.### #,* #.#
#.#.. #.* #.# #.#.#
****#.########.## #.#.#
*,,,,...#.......## #.#.#
*,**#.#o#.##.....#####....
*,* #..o....#............#
*,* ###o#@#......#########
*,* #.#.#####.##
*,****#.#.# #.#
*,,,,,..#.#####.#
******###.......#
#########


You could see an orc wizard and an orc.

Vanquished Creatures
  A centaur zombie (D:3)
  7 adders
  2 worms
  2 dart slugs
  2 orcs (D:3)
  7 ball pythons
  6 bats
  4 endoplasms
  6 giant cockroaches
  4 goblins
  7 hobgoblins
  2 jackals (D:1)
  4 kobolds
  8 quokkas
  5 frilled lizards
  4 rats (D:1)
71 creatures vanquished.

Notes
Turn   | Place    | Note
-------+----------+-------------------------------------------
     0 | D:1      | Peloso the Minotaur Fighter began the quest for the Orb.
     0 | D:1      | Reached XP level 1. HP: 19/19 MP: 0/0
   149 | D:1      | Reached skill level 4 in Armour
   149 | D:1      | Reached XP level 2. HP: 27/27 MP: 1/1
   680 | D:1      | Reached XP level 3. HP: 33/33 MP: 2/2
  1375 | D:2      | Reached XP level 4. HP: 39/41 MP: 3/3
  1458 | D:2      | Reached skill level 1 in Dodging
  1496 | D:2      | Found a faded altar of an unknown god.
  2494 | D:3      | Reached skill level 5 in Armour
  2494 | D:3      | Reached XP level 5. HP: 38/47 MP: 4/4
  3036 | D:3      | Killed from afar by an orc wizard

Illustrated notes

Levels and vault maps discovered:
D:1:      dpeg_arrival_chambers_temple_mockup, layout_basic
D:2:      layout_basic, basic_ecumenical_altar, minmay_misc_feat_four_crosses
D:3:      layout_loops_corners, gup_sewer_entry_pipe, grunt_ministairs_4,
          minivault_19

Skill      XL: |  1  2  3  4 |
---------------+-------------+-----
Armour         | 4 5 |  5.2
Fighting       | 4 |  4.8
Shields        | 4 |  4.0
Long Blades    | 3 |  3.8
Dodging        | 1 |  1.4

Action                   |  1- 3 |  4- 6 || total
-------------------------+-------+-------++-------
Melee: Long sword        |    84 |   104 ||   188
       Headbutt          |     8 |    15 ||    23
  Use: Scroll            |       |     1 ||     1
Armor: Scale mail        |    53 |    53 ||   106
Dodge: Dodged            |    51 |    49 ||   100
Block: Buckler           |    19 |    28 ||    47
